 Dungeon Crawl Stone Soup version 0.29.1-13-g9f3cf754e1 (webtiles) character file.

Game seed: 2943453881507653860

65 Peloso the Covered (level 3, -1/33 HPs)
             Began as a Minotaur Fighter on Jan 22, 2023.
             Slain by a gnoll
             ... wielding a +0 halberd
              (5 damage)
             ... on level 3 of the Dungeon.
             The game lasted 00:03:18 (2637 turns).

Peloso the Covered (Minotaur Fighter)               Turns: 2637, Time: 00:03:19

Health: -1/33      AC:  9    Str: 20    XL:     3   Next: 94%
Magic:  2/2        EV:  7    Int:  5    God:
Gold:   106        SH:  6    Dex: 11    Spells: 2/2 levels left

rFire   . . .      SeeInvis .   a - +0 long sword
rCold   . . .      Faith    .   d - +2 buckler
rNeg    . . .      Spirit   .   c - +0 chain mail
rPois   .          Reflect  .   (helmet restricted)
rElec   .          Harm     .   (no cloak)
rCorr   .          Rampage  .   (no gloves)
Will    .....                   (no boots)
Stlth   ..........              (no amulet)
HPRegen 0.11/turn               (no ring)
MPRegen 0.08/turn               (no ring)

@: no status effects
A: horns 2, retaliatory headbutt
a: no special abilities


You were on level 3 of the Dungeon.
You visited 1 branch of the dungeon, and saw 3 of its levels.

You collected 106 gold pieces.

Inventory:

Hand Weapons
 a - a +0 long sword (weapon)
Armour
 b - a +1 scale mail
 c - a +0 chain mail (worn)
 d - a +2 buckler (worn)
Scrolls
 g - a scroll of teleportation
 h - a scroll of immolation {unknown}
 k - a scroll of enchant weapon {unknown}
 m - 2 scrolls of identify {unknown}
 n - a scroll of silence {unknown}
Potions
 e - a potion of invisibility
 f - 2 potions of haste {unknown}
 i - a potion of might
 j - a potion of flight {unknown}
 l - 2 potions of degeneration {unknown}


   Skills:
 + Level 4.2 Fighting
 + Level 3.2 Long Blades
 + Level 4.3 Armour
 + Level 0.5 Dodging
 + Level 0.3 Stealth
 + Level 4.0 Shields


You had 2 spell levels left.
You didn't know any spells.
Your spell library contained the following spells:

 Spells                   Type           Power      Damage    Failure   Level
 Sandblast                Erth           0%         2d4       100%        1
 Passwall                 Tmut/Erth      0%         N/A       100%        2
 Confusing Touch          Hex            0%         N/A       100%        3
 Stone Arrow              Conj/Erth      0%         3d7       100%        3
 Yara's Violent Unravell  Hex/Tmut       0%         3d3       100%        5
 Enfeeble                 Hex            0%         N/A       100%        7


Dungeon Overview and Level Annotations

Branches:
Dungeon (3/15)

Altars:


Innate Abilities, Weirdness & Mutations

You have a pair of horns on your head.
You reflexively headbutt those who attack you in melee.


Message History

You completely miss the orc. Your headbutt misses the orc.
The orc hits you but does no damage. The orc closely misses you.
You slash the orc!
You kill the orc!
The gnoll hits you but does no damage. 2 gnolls come into view.
The gnoll shouts! x2
The gnoll hits you but does no damage.
The gnoll moves out of view.
Things that are here:
a +0 club; an orc corpse; a bat corpse You hit the gnoll.
Your headbutt misses the gnoll.
The gnoll is moderately wounded.
The gnoll hits you with a +0 spear.
You hit the gnoll but do no damage.
You headbutt the gnoll, but do no damage.
The gnoll is moderately wounded.
The gnoll hits you with a +0 spear. The gnoll hits you but does no damage.
An endoplasm comes into view.
You hit the gnoll but do no damage. Your headbutt misses the gnoll.
The gnoll is moderately wounded.
The gnoll barely misses you.
The gnoll hits you from afar with a +0 halberd.
You barely miss the gnoll.
You headbutt the gnoll, but do no damage.
The gnoll is moderately wounded.
You block the gnoll's attack. The gnoll hits you but does no damage.
You hit the gnoll. Your headbutt misses the gnoll.
The gnoll is severely wounded.
You block the gnoll's attack. The gnoll completely misses you.
You barely miss the gnoll.
You headbutt the gnoll, but do no damage.
The gnoll is severely wounded.
The gnoll hits you but does no damage. The gnoll hits you with a +0 spear.
You completely miss the gnoll.
The gnoll is severely wounded.
The gnoll hits you from afar with a +0 halberd!
* * * LOW HITPOINT WARNING * * *
You block the gnoll's attack. x2
The gnoll hits you from afar with a +0 halberd.
You die...

#. ##...... . #.##
##...## .# #..## ###.)#..
..# ######..####?...#.#
.. ..............#.#.##.#
....#####.#####......##.#
....# #.# ##.[......#
....# #.# #.##...###
....# #.# #@# ..# ....#
#.# #...g.....# ......
..# #.###g###.# ######.
### # J. g.. .... >..#.
...#..


You could see 3 gnolls and an endoplasm.

Vanquished Creatures
  2 adders (D:2)
  An orc (D:3)
  4 bats
  5 endoplasms
  2 giant cockroaches (D:1)
  7 goblins
  4 hobgoblins
  4 jackals (D:1)
  A quokka (D:1)
  4 ball pythons
  A frilled lizard (D:1)
  3 kobolds
  2 rats
40 creatures vanquished.

Notes
Turn   | Place    | Note
-------+----------+-------------------------------------------
     0 | D:1      | Peloso the Minotaur Fighter began the quest for the Orb.
     0 | D:1      | Reached XP level 1. HP: 19/19 MP: 0/0
    68 | D:1      | Reached XP level 2. HP: 13/27 MP: 1/1
   970 | D:1      | Reached XP level 3. HP: 33/33 MP: 2/2
  2534 | D:2      | Found a faded altar of an unknown god.
  2534 | D:2      | Noticed a smoke demon
  2637 | D:3      | Slain by a gnoll

Illustrated notes

Levels and vault maps discovered:
D:1:      heliophobic_arrival_henge, layout_loops_ring
D:2:      layout_basic, dreamdust_ecumenical_altar_sealed_demon,
          hangedman_feature_mirror
D:3:      layout_loops_cross, gammafunk_temple_overflow_claw,
          lemuel_coloured_pillars_altar, gammafunk_ghost_stat_death,
          st_stairs_3, uniq_sigmund

Skill      XL: |  1  2  3 |
---------------+----------+-----
Armour         | 4 |  4.3
Fighting       | 4 |  4.2
Shields        | 4 |  4.0
Long Blades    | 3 |  3.2
Dodging        | |  0.5
Stealth        | |  0.3

Action                   || total
-------------------------++-------
Melee: Long sword        ||    98
       Headbutt          ||    21
  Use: Scroll            ||     2
       Potion            ||     2
 Stab: Invisible         ||     1
Armor: Scale mail        ||    39
       Chain mail        ||    23
Dodge: Dodged            ||    39
Block: Buckler           ||    27
